 Dungeon Crawl Stone Soup version 0.29.1-13-g9f3cf754e1 (webtiles) character file.

Game seed: 14035514790991130535

3048 Dillybarz the Grappler (level 9, -8/89 HPs)
             Began as a Troll Fighter on Feb 10, 2023.
             Was an Initiate of Wu Jian.
             Killed from afar by an electric eel (12 damage)
             ... with a bolt of electricity
             ... on level 8 of the Dungeon.
             The game lasted 00:31:45 (5540 turns).

Dillybarz the Grappler (Troll Fighter)              Turns: 5540, Time: 00:31:46

Health: -8/89      AC:  7    Str: 26    XL:     9   Next: 57%
Magic:  8/8        EV:  9    Int: 14    God:    Wu Jian [......]
Gold:   541        SH: 10    Dex:  9    Spells: 8/8 levels left

rFire   . . .      SeeInvis .     - Unarmed
rCold   . . .      Faith    .   b - +2 kite shield
rNeg    . . .      Spirit   .   H - +0 steam dragon scales
rPois   .          Reflect  .   (helmet restricted)
rElec   .          Harm     .   (no cloak)
rCorr   .          Rampage  .   (gloves unavailable)
Will    +....                   (boots unavailable)
Stlth   +.........              (no amulet)
HPRegen 1.04/turn               n - ring of willpower
MPRegen 0.11/turn               h - +6 ring of intelligence

@: very slow
A: large, unfitting armour, claws 3, regeneration 1, shaggy fur 1, tough skin 1
a: Renounce Religion


You were on level 8 of the Dungeon.
You worshipped Wu Jian.
Wu Jian was noncommittal.
You visited 2 branches of the dungeon, and saw 9 of its levels.
You also visited: Ossuary.

You collected 541 gold pieces.

Inventory:

Armour
 a - a +0 robe
 b - a +2 kite shield (worn)
 H - +0 steam dragon scales (worn)
 I - the +0 robe of Noxious Fun {rPois}
   (You found it on level 7 of the Dungeon)

   rPois:     It protects you from poison.
Jewellery
 h - a +6 ring of intelligence (right claw)
 n - a ring of willpower (left claw)
 q - a ring of wizardry
 D - a ring of fire
Wands
 k - a wand of flame (20)
 p - a wand of iceblast (4)
Scrolls
 e - 3 scrolls of immolation
 i - a scroll of fog {unknown}
 j - a scroll of magic mapping
 o - 6 scrolls of teleportation
 r - a scroll of poison
 v - a scroll of fear
 x - 2 scrolls of vulnerability
 y - a scroll of silence
 A - a scroll of blinking {unknown}
 C - a scroll of amnesia
 E - a scroll of enchant weapon {unknown}
 G - a scroll of summoning {unknown}
Potions
 c - 2 potions of might
 d - 14 potions of curing
 f - 4 potions of brilliance
 g - 4 potions of attraction
 l - 3 potions of mutation
 m - a potion of flight
 t - 2 potions of ambrosia
 u - a potion of haste
 w - 3 potions of lignification {unknown}
 z - 2 potions of heal wounds {unknown}
 B - 2 potions of degeneration {unknown}


   Skills:
 + Level 5.9 Fighting
 + Level 3.4 Dodging
 + Level 6.5 Shields
 * Level 9.6 Unarmed Combat


You had 8 spell levels left.
You didn't know any spells.
Your spell library contained the following spells:

 Spells                   Type           Power      Damage    Failure   Level
 Apportation              Tloc           0%         N/A       52%         1
 Foxfire                  Conj/Fire      0%         2x1d4     52%         1
 Freeze                   Ice            0%         1d3       52%         1
 Magic Dart               Conj           0%         1d3       52%         1
 Necrotise                Necr           0%         1d4       52%         1
 Shock                    Conj/Air       0%         1d3       52%         1
 Summon Small Mammal      Summ           0%         N/A       52%         1
 Blink                    Tloc           0%         N/A       67%         2
 Call Imp                 Summ           0%         N/A       67%         2
 Conjure Flame            Conj/Fire      0%         6-21      88%         3
 Frozen Ramparts          Ice            0%         1d1       88%         3
 Inner Flame              Hex/Fire       0%         N/A       88%         3
 Mephitic Cloud           Conj/Pois/Air  0%         N/A       88%         3
 Swiftness                Air            0%         N/A       88%         3
 Airstrike                Air            0%         2d(0-16)  99%         4
 Flame Wave               Conj/Fire      0%         2d4       99%         4
 Hailstorm                Conj/Ice       0%         3d3       99%         4
 Manifold Assault         Tloc           0%         N/A       100%        5
 Storm Form               Tmut/Air       0%         N/A       100%        7


Dungeon Overview and Level Annotations

Branches:
Dungeon (8/15)             Temple (1/1) D:7         Ossuary (visited)
   Lair: D:8-11

Altars:
Ashenzari
Cheibriados
Dithmenos
Elyvilon
Fedhas
Gozag
Hepliaklqana
Kikubaaqudgha
Nemelex Xobeh
Okawaru
Qazlal
Ru
Sif Muna
Trog
Uskayaw
Vehumet
Wu Jian
Xom
Yredelemnul
Zin
The Shining One

Shops:
D:2 *?([   D:4 ?


Innate Abilities, Weirdness & Mutations

You are too large for most types of armour.
You have claws for hands.
Your natural rate of healing is unusually fast.
You are covered in fur. (AC +1)
You have tough skin. (AC +1)


Message History

The electric eel shoots out a bolt of lightning at you!
The bolt of electricity hits you.
The bolt of electricity hits the plant!
The electric eel shoots out a bolt of lightning at you!
The bolt of electricity hits the plant!
The bolt of electricity hits you.
A nearby plant withers and dies.
An electric eel comes into view.
The electric eel shoots out a bolt of lightning at you!
The bolt of electricity hits you!
The bolt of electricity hits the plant!
The electric eel shoots out a bolt of lightning at you!
The bolt of electricity hits the plant!
The plant begins to die.
The bolt of electricity hits you!
A nearby plant withers and dies. x2
The electric eel shoots out a bolt of lightning at you!
The bolt of electricity hits the plant!
The bolt of electricity hits you!
The electric eel shoots out a bolt of lightning at you!
The bolt of electricity hits you!
* * * LOW HITPOINT WARNING * * *
The bolt of electricity hits the electric eel.
The electric eel completely resists.
The electric eel shoots out a bolt of lightning at you!
The bolt of electricity hits you!
* * * LOW HITPOINT WARNING * * *
The bolt of electricity hits the electric eel.
The electric eel completely resists.
The electric eel shoots out a bolt of lightning at you!
The bolt of electricity misses you.
The bolt of electricity hits the electric eel.
The electric eel completely resists.
The bolt of electricity hits the electric eel.
The electric eel completely resists.
The bolt of electricity misses you.
The bolt of electricity hits the electric eel.
The electric eel completely resists.
A nearby plant withers and dies.
The electric eel shoots out a bolt of lightning at you!
The bolt of electricity hits you!
* * * LOW HITPOINT WARNING * * *
The bolt of electricity hits the plant!
The plant begins to die.
The electric eel shoots out a bolt of lightning at you!
The bolt of electricity hits you!
You die...

#............
###.######.#.#.###.##
~♣♣~♣♣.....<...#.#
~~~♣~~~♣♣######.###.#.
≈~~~~~~~♣♣.............
≈≈~~~♣~P♣♣.##.#.###.#.#
≈≈≈~~P~~P♣~##...#
≈≈≈≈~~~P~~♣♣###.#
≈≈≈≈S~~~~@♣~# #...
≈≈≈≈~♣S~~~P♣ ##..#
≈≈PP~~~S♣~~# .##
≈≈P~♣~~~~♣.# .#
~~~♣~~~~♣#.# ♣~~~♣♣ .#
♣~P. .. ..## ## ...


You could see 3 electric eels.

Vanquished Creatures
  Maggie (D:7)
  Prince Ribbit (D:7)
  A water moccasin (D:6)
  2 ice beasts (D:7)
  2 sky beasts
  4 ogres
  2 centaurs
  2 phantoms
  3 necrophages
  2 bullfrogs (D:7)
  A gnoll sergeant (D:7)
  3 scorpions
  3 howler monkeys
  A jelly (D:6)
  7 hounds
  A gnoll bouda (D:4)
  2 orc priests (D:3)
  2 iguanas
  An orc wizard (D:6)
  8 mummies (Ossuary)
  7 gnolls
  8 adders
  A shadow imp (D:6)
  2 ufetubi
  10 dart slugs
  25 orcs
  15 ball pythons
  5 bats
  8 endoplasms
  A giant cockroach (D:1)
  2 gnoll zombies (Ossuary)
  5 hobgoblins
  6 jackals
  3 quokkas
  4 frilled lizards
  11 goblins
  3 hobgoblin zombies (Ossuary)
  4 kobolds
  2 kobold zombies (Ossuary)
  An orc zombie (Ossuary)
  7 rats
179 creatures vanquished.

Vanquished Creatures (others)
  4 plants (D:8)
4 creatures vanquished.

Grand Total: 183 creatures vanquished

Notes
Turn   | Place    | Note
-------+----------+-------------------------------------------
     0 | D:1      | Dillybarz the Troll Fighter began the quest for the Orb.
     0 | D:1      | Reached XP level 1. HP: 22/22 MP: 0/0
   153 | D:1      | Reached XP level 2. HP: 29/29 MP: 1/1
   641 | D:2      | Found Neihanie's Antique Armour Shop.
   674 | D:2      | Reached XP level 3. HP: 36/36 MP: 2/2
   705 | D:2      | Reached skill level 3 in Unarmed Combat
   879 | D:2      | Found Ogoig's Magic Scroll Emporium.
   900 | D:2      | Found Fooreh's Distillery.
   907 | D:2      | Found Jimit's Assorted Antiques.
   977 | D:2      | Found Gaebiq's Weapon Emporium.
  1261 | D:3      | Reached XP level 4. HP: 44/44 MP: 3/3
  1514 | D:3      | Reached skill level 4 in Unarmed Combat
  1578 | D:3      | Reached XP level 5. HP: 53/53 MP: 4/4
  1734 | D:3      | Found a faded altar of an unknown god.
  1820 | D:3      | Found a blossoming altar of Fedhas.
  2012 | D:4      | Found Fibb's Magic Scroll Boutique.
  2044 | D:4      | Found a sand-covered staircase.
  2049 | Ossuary  | Entered an ossuary
  2085 | Ossuary  | Reached XP level 6. HP: 56/61 MP: 5/5
  2130 | Ossuary  | Reached skill level 5 in Unarmed Combat
  2504 | D:4      | Reached XP level 7. HP: 45/68 MP: 6/6
  2622 | D:4      | Found a white marble altar of Elyvilon.
  2761 | D:4      | Reached skill level 6 in Unarmed Combat
  3110 | D:4      | Reached XP level 8. HP: 79/79 MP: 7/7
  3137 | D:4      | Reached skill level 5 in Shields
  3329 | D:5      | Entered Level 5 of the Dungeon
  3334 | D:5      | Reached skill level 7 in Unarmed Combat
  4019 | D:6      | Reached skill level 5 in Fighting
  4081 | D:6      | Reached skill level 8 in Unarmed Combat
  4394 | D:6      | Found a hide-covered altar of Uskayaw.
  4639 | D:7      | Reached XP level 9. HP: 75/88 MP: 8/8
  4752 | D:7      | Noticed Prince Ribbit
  4755 | D:7      | Killed Prince Ribbit
  4763 | D:7      | Found a staircase to the Ecumenical Temple.
  4773 | D:7      | Reached skill level 9 in Unarmed Combat
  4786 | Temple   | Entered the Ecumenical Temple
  4920 | Temple   | Became a worshipper of the Wu Jian Council
  5057 | D:7      | Noticed Maggie
  5074 | D:7      | Killed Maggie
  5300 | D:7      | Identified the +0 robe of Noxious Fun {rPois}
  5539 | D:8      | HP: 2/89 [electric eel/bolt of electricity (15)]
  5540 | D:8      | Killed from afar by an electric eel

Illustrated notes

Levels and vault maps discovered:
D:1:      lightli_arrival_statuegarden, layout_basic
D:2:      layout_basic, serial_shops, nicolae_shop_waterfront, shop,
          nicolae_shop_hallway_stairs, nicolae_shop_behind_doors, shop
D:3:      layout_rooms, fedhas_altar_fruit_tree,
          ebering_ecumenical_altar_petrified, grunt_ministairs_1,
          minmay_misc_feat_pillars, kennysheep_generic_room_6
D:4:      minmay_razor_zed, layout_loops_ring, kennysheep_mini, serial_shops,
          shop, enter_ossuary_2, grunt_ministairs_8, minmay_snake_closets
D:5:      layout_cave_pools, supply_closet_lemuel
D:6:      layout_rooms, nicolae_uskayaw_dance_hall, serial_glass,
          glass_columns_c, glass_columns_a
D:7:      layout_rooms, temple_green, uniq_prince_ribbit1, uniq_maggie
D:8:      layout_loops_ring, dpeg_lair_monsters, serial_bayou,
          serial_bayou_lagoon_a, serial_bayou_shore_b, serial_bayou_lake_a,
          serial_bayou_pond_c, chequers_garden, minmay_misc_feat_roman
Temple:   mainiacjoe_temple_bowtie_tessellation

Skill      XL: |  1  2  3  4  5  6  7  8  9 |
---------------+----------------------------+-----
Shields        | 3 4 6 |  6.5
Unarmed Combat | 3 4 5 6 8 9 |  9.6
Fighting       | 3 4 5 |  5.9
Dodging        | 3 |  3.4

Action                   |  1- 3 |  4- 6 |  7- 9 || total
-------------------------+-------+-------+-------++-------
Melee: Unarmed           |    98 |   182 |   266 ||   546
Invok: Lunge             |       |       |     5 ||     5
  Use: Scroll            |     1 |     3 |    13 ||    17
Armor: Robe              |    24 |    34 |    46 ||   104
       Steam dragon scal |       |       |     4 ||     4
Dodge: Dodged            |    28 |    40 |    66 ||   134
Block: Kite shield       |    33 |    55 |    97 ||   185
